 Dungeon Crawl Stone Soup version 0.27-a0-1147-gb3d8e82157 (webtiles) character file.

Game seed: 11802200931229420638

137 robertstho the Magician (level 5, -6/35 HPs)
             Began as a Djinni Fire Elementalist on May 11, 2021.
             Mangled by Crazy Yiuf
             ... wielding a +4 quarterstaff of chaos
              (11 damage)
             ... on level 3 of the Dungeon.
             The game lasted 00:03:42 (4295 turns).

robertstho the Magician (Djinni Fire Elementalist)  Turns: 4295, Time: 00:03:43

Health: -6/35      AC:  2    Str:  7    XL:     5   Next: 20%
Gold:   128        EV: 12    Int: 18    God:
                   SH:  0    Dex: 13

rFire    + + .     SeeInvis .   i - +4 dagger (venom)
rCold    x . .     Faith    .   (no shield)
rNeg     . . .     Spirit   .   a - +0 robe
rPois    ∞         Reflect  .   (no helmet)
rElec    .         Harm     .   (no cloak)
rCorr    .         Rampage  .   (no gloves)
Will     .....                  (boots unavailable)
Stlth    ++........             (no amulet)
HPRegen  0.11/turn              (no ring)
MPRegen  0.00/turn              (no ring)

@: brilliant, flying, very slightly contaminated
A: sickness immunity, fire resistance 2, cold vulnerability 1, float, innate
caster, hp casting, extra vitality 1
a: no special abilities


You were on level 3 of the Dungeon.
You visited 1 branch of the dungeon, and saw 3 of its levels.

You collected 128 gold pieces.

Inventory:

Hand Weapons
 e - a +1 dagger of draining
 i - a +4 dagger of venom (weapon)
Missiles
 b - 3 atropa-tipped darts
Armour
 a - a +0 robe (worn)
Wands
 l - a wand of acid (6)
Scrolls
 c - 4 scrolls of identify {unknown}
 k - a scroll of holy word {unknown}
 m - a scroll of magic mapping {unknown}
Potions
 d - a potion of brilliance
 f - 2 potions of might {unknown}
 g - a potion of heal wounds {unknown}
 h - a potion of lignification {unknown}
 j - 2 potions of curing {unknown}


   Skills:
 + Level 0.1 Fighting
 + Level 2.4 Dodging
 + Level 2.1 Stealth
 + Level 4.6 Spellcasting


You couldn't memorise any spells.
You knew the following spells:

 Your Spells              Type           Power      Damage    Failure   Level
a - Foxfire               Conj/Fire      100%       2x1d9     1%          1
b - Conjure Flame         Conj/Fire      31%        6-21      6%          3
c - Inner Flame           Hex/Fire       31%        N/A       6%          3
d - Sticky Flame          Conj/Fire      31%        2d5       21%         4
e - Fireball              Conj/Fire      15%        3d8       50%         5
f - Freeze                Ice            100%       1d11      1%          1
g - Call Imp              Summ           31%        N/A       3%          2
Your spell library was empty.

Dungeon Overview and Level Annotations

Branches:
Dungeon (3/15)

Altars:
Nemelex Xobeh

Annotations:
D:3 1 runed translucent door, Crazy Yiuf; leviel's ghost, amateur MiFi


Innate Abilities, Weirdness & Mutations

You are immune to sickness and miasma.
You are immune to poison.
Your flesh is very heat resistant. (rF++)
You are vulnerable to cold. (rC-)
You float through the air rather than walking.
You learn spells naturally, not from books.
Your magical power is your life essence.
You have superior vitality. (+4 HP)


Message History

Key pressed, stopping explore.
You see here 18 stones.
You see here a +0 leather armour.
There is an escape hatch in the ceiling here.
You see here a +0 dagger.
You see here a +0 mace.
Found three maces.
Found a runed translucent door.
Found a mace.
You see here a +0 mace.
Crazy Yiuf shouts!
Crazy Yiuf says, "Papa toodlewoodle poople!"
You see here a +0 mace.
You see here a +0 mace.
You see here a +0 dagger.
You see here a +0 mace.
You see here a +0 mace.
Could not explore, unopened runed door.
Could not explore, unopened runed door.
Could not explore, unopened runed door.
Could not explore, unopened runed door.
You reach down and open the door.
Casting: Foxfire (safe; 1% risk of failure)
Confirm with . or Enter, or press ? or * to list all spells.
The spell is extremely dangerous to cast (21% risk of failure)!
Continue anyway?
Aiming: Sticky Flame (extremely dangerous; 21% risk of failure)
Press: ? - help, Shift-Dir - straight line, f - Crazy Yiuf
Aim: Crazy Yiuf, wielding a +4 quarterstaff of chaos and wearing a +0 cloak (100% to hit)
You miscast Sticky Flame.
You are very lightly contaminated with residual magic.
Nothing appears to happen.
Crazy Yiuf yells, "Mama stair disdain!"
Crazy Yiuf hits you with a +4 quarterstaff of chaos!
Crazy Yiuf freezes you!
* * * LOW HITPOINT WARNING * * *
You see here a +0 mace.
It was a potion of brilliance.
You feel clever all of a sudden. Crazy Yiuf barely misses you.
Crazy Yiuf hits you with a +4 quarterstaff of chaos!
You die...

#.#..............###.##.#
#<#........)......##.##.#
#.#.#................##.#
#.#.##...#..###....####.#
#.#.###.##..# #....# #.#
##.#.# ####..# #....# #.#
.....# #### #...## #.#
.....# ##)## #.#
.###.######### #@## ###
.# #.........# ##g#
.###.######### #)##
.......# ##.# ######.#
#'# # #.# .). # #.# #.).#
# #.# #..)# # #.# #####


You could see Crazy Yiuf.

Vanquished Creatures
  3 adders
  4 gnolls (D:3)
  A worm (D:2)
  6 orcs (D:3)
  6 bats
  7 endoplasms
  3 giant cockroaches
  8 goblins
  3 jackals (D:3)
  4 quokkas
  4 frilled lizards
  5 kobolds
  4 rats
58 creatures vanquished.

Vanquished Creatures (others)
  253 foxfires
253 creatures vanquished.

Grand Total: 311 creatures vanquished

Notes
Turn   | Place    | Note
-------+----------+-------------------------------------------
     0 | D:1      | robertstho the Djinni Fire Elementalist began the quest for
                  | the Orb.
     0 | D:1      | Reached XP level 1. HP: 15/15 MP: 0/0
   143 | D:1      | Found a faded altar of an unknown god.
   410 | D:1      | Reached skill level 3 in Spellcasting
   410 | D:1      | Reached XP level 2. HP: 14/21 MP: 0/0
  1718 | D:1      | Reached XP level 3. HP: 22/25 MP: 0/0
  1718 | D:1      | Learned a level 1 spell: Freeze
  2557 | D:2      | Reached XP level 4. HP: 28/31 MP: 0/0
  2590 | D:2      | Found a sparkling altar of Nemelex Xobeh.
  3263 | D:3      | Reached skill level 4 in Spellcasting
  3693 | D:3      | Noticed leviel's ghost (amateur MiFi)
  3698 | D:3      | Found a runed translucent door.
  3796 | D:3      | Reached XP level 5. HP: 31/35 MP: 0/0
  3796 | D:3      | Learned a level 2 spell: Call Imp
  4207 | D:3      | Found a runed translucent door.
  4208 | D:3      | Noticed Crazy Yiuf
  4295 | D:3      | Mangled by Crazy Yiuf

Illustrated notes

Levels and vault maps discovered:
D:1:      dpeg_arrival_arbitrary_a, layout_basic,
          hellmonk_ecumenical_altar_blasted, st_stairs_8
D:2:      layout_loops_ring, basic_altar, due_unseen_surprise
D:3:      layout_loops_ring, hellmonk_ghost_happy_afterlife,
          uniq_crazy_yiuf_cottage

Skill      XL: |  1  2  3  4 |
---------------+-------------+-----
Spellcasting   | 3 4 |  4.6
Stealth        | 2 |  2.1
Fighting       | |  0.1
Dodging        | |  2.4

Action                   |  1- 3 |  4- 6 || total
-------------------------+-------+-------++-------
Melee: Dagger            |       |    13 ||    13
 Cast: Foxfire           |   104 |    58 ||   162
       Sticky Flame      |       |     1 ||     1
  Use: Scroll            |     2 |       ||     2
       Potion            |       |     1 ||     1
Armor: Robe              |     1 |     1 ||     2
Dodge: Dodged            |     3 |    12 ||    15

Table legend: (Time is in decaauts)
 A = Elapsed time spent in this place.
 B = Non-inter-level travel time spent in this place.
 C = Inter-level travel time spent in this place.
 D = Time resting spent in this place.
 E = Time spent auto-exploring this place.
 F = Levels seen in this place.
 G = Mean time per level.
                   A        B        C        D        E       F      G
               +--------+--------+--------+--------+--------+-----+--------+
         Total |   4293 |   4264 |     29 |      0 |   3943 |   3 | 1431.0 |
       Dungeon |   4293 |   4264 |     29 |      0 |   3943 |   3 | 1431.0 |
               +--------+--------+--------+--------+--------+-----+--------+

Top non-repeatable levels by time:
     D:1: 1781 daAuts
     D:2: 1325 daAuts
     D:3: 1186 daAuts
